 Dungeon Crawl Stone Soup version 0.28.0 (webtiles) character file.

Game seed: 16973247591057138249

10 GrayStillPlays the Skirmisher (level 2, -6/24 HPs)
             Began as a Demonspawn Fighter on Feb 13, 2022.
             Mangled by a goblin (15 damage)
             ... on level 1 of the Dungeon.
             The game lasted 00:00:37 (485 turns).

GrayStillPlays the Skirmisher (Demonspawn Fighter)   Turns: 485, Time: 00:00:38

Health: -6/24      AC:  6    Str: 16    XL:     2   Next: 10%
Magic:  2/2        EV:  8    Int:  9    God:
Gold:   33         SH:  4    Dex: 12    Spells: 1/1 levels left

rFire   . . .      SeeInvis .   a - +0 war axe {axe}
rCold   . . .      Faith    .   c - +0 buckler
rNeg    . . .      Spirit   .   b - +0 scale mail
rPois   .          Reflect  .   (no helmet)
rElec   .          Harm     .   (no cloak)
rCorr   .          Rampage  .   (no gloves)
Will    .....                   (no boots)
Stlth   ..........              (no amulet)
HPRegen 0.08/turn               (no ring)
MPRegen 0.16/turn               (no ring)

@: no status effects
A: magic regeneration
a: no special abilities


You were on level 1 of the Dungeon.
You visited 1 branch of the dungeon, and saw 1 of its levels.

You collected 33 gold pieces.


Innate Abilities, Weirdness & Mutations

You regenerate magic rapidly.


   Skills:
 + Level 3.1 Fighting
 + Level 2.0 Axes
 + Level 2.8 Armour
 + Level 2.8 Shields


You had one spell level left.
You didn't know any spells.
Your spell library was empty.

Inventory:

Hand Weapons
 a - a +0 war axe (weapon) {axe}
Missiles
 g - 12 sling bullets
 h - 5 stones (quivered) {throwing}
Armour
 b - a +0 scale mail (worn)
 c - a +0 buckler (worn)
Scrolls
 f - a scroll of blinking {unknown}
 i - 2 scrolls of identify {unknown}
Potions
 d - a potion of might
 e - a potion of lignification {unknown}
 j - a potion of mutation {unknown}
 k - a potion of heal wounds {unknown}

Dungeon Overview and Level Annotations

Branches:
Dungeon (1/15)

Altars:

Shops:
D:1

! ##########.####.## ...
.>............)... #.
#..#.######.##.###.### ...
#..#.# #.##.....# #
#..##..#.######.######.###
#................# #....
........#####..# ###.#
#..########..#### #># #
#...g@....†)....# #.#
#..##..########..##.# #.#
#.......# #..##.# #.#
#8..#.###.# ##...#.# #.#
##...# #.# #......####.#
.... .# #...........# ####
# #........#### ##...###.#
#.### #.#


You could see a goblin.


Message History

There is an entrance to Replarifoa's Distillery here.
There is a fountain of clear blue water here.
There is a fountain of clear blue water here.
You now have 33 gold pieces (gained 15).
i - a scroll labelled FIUKUVA LISANK A kobold comes into view.
It is wielding a +0 club.
The kobold shouts!
A kobold is nearby!
A rat comes into view.
The kobold closely misses you.
You hit the kobold.
You kill the kobold!
The rat barely misses you.
You barely miss the rat. The rat bites you. 😕 HP[-1]
You take 1 damage, and now have 17/18 hp.
You hit the rat.
You kill the rat!
No target in view!
No target in view!
j - a green potion You see here a +0 club {mace}. 😎 HP[+1]
Your hp is fully restored (18).
i - 2 scrolls labelled FIUKUVA LISANK (gained 1)
Found a stone staircase leading down.
A kobold comes into view. It is wielding a +0 dagger.
The kobold shouts!
The kobold throws a stone.
The stone hits you but does no damage.
An endoplasm comes into view.
You barely miss the kobold.
The endoplasm quivers.
The endoplasm jiggles.
The kobold hits you but does no damage.
You barely miss the kobold.
The kobold hits you with a +0 dagger. 😕 HP[-2]
You take 2 damage, and now have 16/18 hp.
You miss the kobold. The kobold barely misses you.
The kobold hits you but does no damage.
You hit the kobold but do no damage. The kobold hits you but does no damage.
You closely miss the kobold. The kobold closely misses you.
The endoplasm freezes you.
You are frozen.
The kobold closely misses you. 😕 HP[-1]
You take 1 damage, and now have 15/18 hp.
You hit the kobold.
You kill the kobold!
You completely miss the endoplasm.
The endoplasm hits you but does no damage.
Your Axes skill increases to level 2!
You have reached level 2!
Your demonic ancestry asserts itself...
Your magic begins to regenerate rapidly. 😕 HP[+5] MP[+1]
You now have 24 max hp (+6).
You regained 5 hp, and now have 20/24 hp.
Your mp is fully restored (2).
You hit the endoplasm.
The endoplasm hits you but does no damage.
The endoplasm freezes you.
You are frozen. 😮 HP[-4]
You take 4 damage, and now have 16/24 hp.
You hit the endoplasm.
You kill the endoplasm! 😮 HP[+1]
h - 5 stones {throwing} (gained 3)
Things that are here:
a +0 dagger {short}; a kobold corpse 😎 HP[+7]
Your hp is fully restored (24).
Found a stone staircase leading down.
k - a sedimented brown potion
There is a stone staircase leading down here.
You see here a rat corpse.
Key pressed, stopping explore.
A goblin comes into view.
It is wielding a +3 dagger of electrocution.
The goblin shouts!
A goblin is nearby!
A goblin is nearby!
A goblin is nearby!
A rat comes into view.
The goblin hits you but does no damage.
You barely miss the goblin. You block the goblin's attack.
You closely miss the goblin. The goblin hits you but does no damage.
You are electrocuted!
The goblin barely misses you. The rat bites you. 😮 HP[-10]
You take 10 damage, and now have 14/24 hp.
MASSIVE DAMAGE!! (PAUSE)
You slash the rat!
You kill the rat!
The goblin hits you with a +3 dagger of electrocution.
You closely miss the goblin.
The goblin hits you with a +3 dagger of electrocution.
* * * LOW HITPOINT WARNING * * *
The goblin hits you with a +3 dagger of electrocution.
* * * LOW HITPOINT WARNING * * *
You are electrocuted!
Ouch! That really hurt!
You die...

Skill      XL: |  1 |
---------------+----+-----
Axes           | 2 |  2.0
Fighting       | |  3.1
Armour         | |  2.8
Shields        | |  2.8

Action                   || total
-------------------------++-------
Melee: War axe           ||    36
Armor: Scale mail        ||    22
Dodge: Dodged            ||    20
Block: Buckler           ||     9

Levels and vault maps discovered:
D:1:      mushboom_english_gardens, layout_loops_ring, serial_shops,
          shop_fountains, shop, chequers_hall_statues_wall_a

Notes
Turn   | Place    | Note
-------+----------+-------------------------------------------
     0 | D:1      | GrayStillPlays the Demonspawn Fighter began the quest for
                  | the Orb.
     0 | D:1      | Reached XP level 1. HP: 18/18 MP: 1/1
     0 | D:1      | magus.rc [v1.9.6]
   260 | D:1      | Found Replarifoa's Distillery.
   345 | D:1      | Reached skill level 2 in Axes
   345 | D:1      | Gained mutation: You regenerate magic rapidly. [demonic
                  | ancestry]
   345 | D:1      | Reached XP level 2. HP: 20/24 MP: 2/2
   485 | D:1      | Mangled by a goblin

Vanquished Creatures
  2 endoplasms (D:1)
  A quokka (D:1)
  A ball python (D:1)
  A bat (D:1)
  3 kobolds (D:1)
  3 rats (D:1)
11 creatures vanquished.

Table legend:
 A = Non-vault XP
 B = Vault XP
 C = Vault XP percentage of total XP
 D = Non-vault monster count
 E = Vault monster count
 F = Vault count percentage of total count
                 A         B        C        D         E       F
            +---------+---------+-------+---------+---------+-------
      Total |      15 |       0 |   0.0 |      11 |       0 |   0.0
            +---------+---------+-------+---------+---------+-------
        D:1 |      15 |       0 |   0.0 |      11 |       0 |   0.0
            +---------+---------+-------+---------+---------+-------

Illustrated notes

Table legend:
 A = Kills in this place as a percentage of kills in entire the game.
 B = Kills by you in this place as a percentage of kills by you in the entire game.
 C = Kills by friends in this place as a percentage of kills by friends in the entire game.
 D = Other kills in this place as a percentage of other kills in the entire game.
 E = Experience gained in this place as a percentage of experience gained in the entire game.
 F = Experience gained in this place divided by the number of levels of this place that you have seen.
                   A       B       C       D       E      F
               +-------+-------+-------+-------+-------+----------------------
         Total | 100.0 | 100.0 |   N/A |   N/A | 100.0 |  15.0
       Dungeon | 100.0 | 100.0 |   N/A |   N/A | 100.0 |  15.0
               +-------+-------+-------+-------+-------+----------------------

Table legend: (Time is in decaauts)
 A = Elapsed time spent in this place.
 B = Non-inter-level travel time spent in this place.
 C = Inter-level travel time spent in this place.
 D = Time resting spent in this place.
 E = Time spent auto-exploring this place.
 F = Levels seen in this place.
 G = Mean time per level.
                   A        B        C        D        E       F      G
               +--------+--------+--------+--------+--------+-----+--------+
         Total |    500 |    500 |      0 |      0 |    409 |   1 |  500.0 |
       Dungeon |    500 |    500 |      0 |      0 |    409 |   1 |  500.0 |
               +--------+--------+--------+--------+--------+-----+--------+

Top non-repeatable levels by time:
     D:1: 500 daAuts
